cohdb
Replays
Latest Replays
All Replays
Popular Replays
Top Player Replays
Match Explorer
How It Works
Community
CoH3 Stats
Reddit
Sign in to upload your games and track your stats! →
Sign in with Steam
Match 44746723
Unlisted
Match 44746723
Overview
Messages
Build Orders
End
Construct Section Command Post
Dingo Light Scout Car
ML 3-inch Mortar Team
Infantry Section
Infantry Section
Construct Platoon Command Post
Infantry Section
Grenade Package
Humber Armored Car
6-pounder Anti-tank Gun Team
Selects Heavy Armor Battlegroup
Selects Rigorous Vehicle Training
Selects Forward Repair Assembly
Selects Rigorous Vehicle Training
Selects Light Vehicle Withdraw and Refit
Unlock M3 Stuart Light Tanks
M3 Stuart Light Tank
Selects Radio Net
M3 Stuart Light Tank
Light Vehicle Training
Selects Designate Targets
Designate Targets
Infantry Section
Infantry Section
Unlock Bishop Self-propelled Artillery
Designate Targets
Infantry Section
Designate Targets
imc下等步枪兵fish
Blay3r
諾爾斯
padak@@@
Jeremy
19禁
袅炸天
JT
0
0
Comments
sign in to comment!
No comments posted yet!